 Dungeon Crawl Stone Soup version 0.31-a0-1104-g3bd3108e02 (webtiles) character file.

Game seed: 2373340431878539395

270 ChronoRanger the Skirmisher (level 6, -1/31 (38) HPs)
             Began as a Kobold Hunter on Dec 2, 2023.
             Slain by a kobold brigand
             ... wielding a +1 dagger of draining
              (2 damage)
             ... on level 3 of the Dungeon.
             The game lasted 00:10:08 (2586 turns).

ChronoRanger the Skirmisher (Kobold Hunter)         Turns: 2586, Time: 00:10:08

HP:   -1/31 (38)    AC:  4    Str:  9    XL:     6   Next: 46%
MP:   6/6           EV: 14    Int: 10    God:
Gold: 251           SH:  0    Dex: 20    Spells: 5/5 levels left

rFire   . . .        a - +0 shortbow
rCold   . . .        (shield currently unavailable)
rNeg    . . .        c - +0 leather armour
rPois   .            (no helmet)
rElec   .            (no cloak)
rCorr   .            f - +0 pair of gloves
SInv    .            (no boots)
Will    .....        (no amulet)
Stlth   +++          (no ring)
HPRegen 0.25/turn    (no ring)
MPRegen 0.10/turn

%: no passive effects
@: heavily drained
A: small, no large weapons, nightstalker 3
a: no special abilities


You were on level 3 of the Dungeon.
You visited 1 branch of the dungeon, and saw 3 of its levels.

You collected 251 gold pieces.

Inventory:

Hand Weapons
 a - a +0 shortbow (weapon)
Armour
 c - a +0 leather armour (worn)
 f - a +0 pair of gloves (worn)
Wands
 l - a wand of roots (8)
 m - a wand of charming (6)
Scrolls
 b - a scroll of butterflies
 e - a scroll of teleportation
 h - a scroll of acquirement {unknown}
 n - a scroll of poison {unknown}
Potions
 d - 4 potions of lignification
 g - 3 potions of mutation
 i - 2 potions of enlightenment {unknown}
 j - 2 potions of curing {unknown}
 k - a potion of heal wounds {unknown}


   Skills:
 + Level 3.9 Fighting
 * Level 8.0 Ranged Weapons
 + Level 1.9 Armour
 - Level 2.4 Dodging
 - Level 1.3 Stealth


You had 5 spell levels left.
You didn't know any spells.
Your spell library contained the following spells:

 Spells                   Type           Power      Damage    Failure   Level
 Blink                    Tloc           0%         N/A       61%         2
 Poisonous Vapours        Pois/Air       0%         N/A       61%         2
 Mephitic Cloud           Conj/Pois/Air  0%         N/A       83%         3
 Manifold Assault         Tloc           0%         N/A       99%         4
 Freezing Cloud           Conj/Ice/Air   0%         6-21      100%        5


Dungeon Overview and Level Annotations

Branches:
Dungeon (3/15)

Altars:


Innate Abilities, Weirdness & Mutations

You are small and have problems with some larger weapons.
You are completely attuned to the shadows.


Message History

Aim: a kobold brigand, wielding a +1 dagger of draining and quivering poisoned darts (heavily wounded, 60% to hit)
You shoot an arrow. The arrow hits the kobold brigand.
The kobold brigand is severely wounded.
The kobold brigand hits you but does no damage.
You feel drained.
Fire: a) +0 shortbow
Press: ? - help, Q - select action, (/) - cycle Shift-Dir - straight line, f/p - kobold brigand
Aim: a kobold brigand, wielding a +1 dagger of draining and quivering poisoned darts (severely wounded, 60% to hit)
You shoot an arrow.
The arrow hits the kobold brigand but does no damage.
The kobold brigand is severely wounded.
The kobold brigand hits you with a +1 dagger of draining.
* * * LOW HITPOINT WARNING * * *
You feel drained.
* * * LOW HITPOINT WARNING * * *
Fire: a) +0 shortbow
Press: ? - help, Q - select action, (/) - cycle Shift-Dir - straight line, f/p - kobold brigand
Aim: a kobold brigand, wielding a +1 dagger of draining and quivering poisoned darts (severely wounded, 60% to hit)
You shoot an arrow.
The arrow barely misses the kobold brigand.
The arrow hits the kobold!
You kill the kobold!
The kobold brigand closely misses you.
Your Ranged Weapons skill increases to level 8!
Fire: a) +0 shortbow
Press: ? - help, Q - select action, (/) - cycle Shift-Dir - straight line, f/p - kobold brigand
Aim: a kobold brigand, wielding a +1 dagger of draining and quivering poisoned darts (severely wounded, 61% to hit)
You shoot an arrow.
The arrow closely misses the kobold brigand.
The kobold brigand misses you.
Fire: a) +0 shortbow
Press: ? - help, Q - select action, (/) - cycle Shift-Dir - straight line, f/p - kobold brigand
Aim: a kobold brigand, wielding a +1 dagger of draining and quivering poisoned darts (severely wounded, 61% to hit)
You shoot an arrow.
The arrow hits the kobold brigand but does no damage.
The kobold brigand is severely wounded.
The kobold brigand hits you with a +1 dagger of draining.
* * * LOW HITPOINT WARNING * * *
You feel drained.
You die...

...# #.# ..# # [..###
#.#####.#.# .....#
#.......#.#
...#.###########...#
..##........####.###
>..........KK.##.#######
###.........#.##.......#
####.....#.##.########.#
).)......)..#[)K@...##[#
.........##########....#
###......#### ######
~~....#.....#
~#........#.####
..(.......#....#
.##.......####.#
.##.......####.#
.##..#.........#


You could see a kobold brigand.

Vanquished Creatures
  A kobold brigand (D:3)
  Natasha (thrice) (D:3)
  5 adders
  A worm (D:2)
  3 dart slugs
  3 orcs (D:3)
  6 ball pythons
  6 endoplasms
  4 giant cockroaches
  2 goblins
  7 hobgoblins
  2 jackals (D:2)
  12 kobolds
  A quokka (D:3)
  6 bats
  3 frilled lizards
  6 rats
71 creatures vanquished.

Notes
Turn   | Place    | Note
-------+----------+-------------------------------------------
     0 | D:1      | ChronoRanger the Kobold Hunter began the quest for the Orb.
     0 | D:1      | Reached XP level 1. HP: 12/12 MP: 1/1
   221 | D:1      | Reached XP level 2. HP: 18/18 MP: 2/2
   783 | D:1      | Reached skill level 6 in Ranged Weapons
   846 | D:1      | Reached XP level 3. HP: 22/22 MP: 3/3
  1227 | D:2      | Reached XP level 4. HP: 28/28 MP: 4/4
  1869 | D:3      | Noticed Natasha
  1883 | D:3      | Killed Natasha
  1884 | D:3      | Reached skill level 7 in Ranged Weapons
  1884 | D:3      | Reached skill level 1 in Armour
  1884 | D:3      | Reached XP level 5. HP: 18/32 MP: 5/5
  2349 | D:3      | Noticed Natasha
  2356 | D:3      | Killed Natasha
  2371 | D:3      | Noticed Natasha
  2374 | D:3      | Killed Natasha
  2462 | D:3      | Reached XP level 6. HP: 38/38 MP: 6/6
  2585 | D:3      | Reached skill level 8 in Ranged Weapons
  2586 | D:3      | HP: 1/33 [kobold brigand/+1 dagger of draining (5)]
  2586 | D:3      | Slain by a kobold brigand

Illustrated notes

Levels and vault maps discovered:
D:1:      amcnicky_arrival_underground_garden, layout_basic, minivault_27
D:2:      layout_rooms
D:3:      cheibrodos_thug_alley, layout_basic, uniq_natasha

Skill      XL: |  1  2  3  4  5  6 |
---------------+-------------------+-----
Ranged Weapons | 6 7 8 |  8.0
Fighting       | 3 |  3.9
Armour         | 1 |  1.9
Dodging        | |  2.4
Stealth        | |  1.3

Action                     |  1- 3 |  4- 6 || total
---------------------------+-------+-------++-------
   Fire: Shortbow          |    74 |   155 ||   229
    Use: Scroll            |       |     4 ||     4
 Armour: Leather armour    |    17 |    45 ||    62
  Dodge: Dodged            |    35 |    67 ||   102

Table legend: (Time is in decaauts)
 A = Elapsed time spent in this place.
 B = Non-inter-level travel time spent in this place.
 C = Inter-level travel time spent in this place.
 D = Time resting spent in this place.
 E = Time spent auto-exploring this place.
 F = Levels seen in this place.
 G = Mean time per level.
                   A        B        C        D        E       F      G
               +--------+--------+--------+--------+--------+-----+--------+
         Total |   2613 |   2535 |     78 |    176 |    711 |   3 |  871.0 |
       Dungeon |   2613 |   2535 |     78 |    176 |    711 |   3 |  871.0 |
               +--------+--------+--------+--------+--------+-----+--------+

Top non-repeatable levels by time:
     D:1: 1052 daAuts
     D:3: 998 daAuts
     D:2: 562 daAuts
